 Dungeon Crawl Stone Soup version 0.28-a0-249-g9004c80361 (webtiles) character file.

Game seed: 4671731347143033106

95 Malachi the Changer (level 4, -1/31 HPs)
             Began as a Vampire Transmuter on Aug 26, 2021.
             Succumbed to an adder's poison
             ... on level 2 of the Dungeon.
             The game lasted 00:02:10 (1645 turns).

Malachi the Changer (Vampire Transmuter)            Turns: 1645, Time: 00:02:11

Health: -1/31      AC:  2    Str:  9    XL:     4   Next: 39%
Magic:  7/7        EV: 12    Int: 16    God:
Gold:   36         SH:  0    Dex: 14    Spells: 3/7 levels left

rFire   . . .      SeeInvis +     - Unarmed
rCold   . . .      Faith    .   (no shield)
rNeg    . . .      Spirit   .   a - +0 robe
rPois   .          Reflect  .   (helmet currently unavailable)
rElec   .          Harm     .   (no cloak)
rCorr   .          Rampage  .   (no gloves)
Will    .....                   (boots currently unavailable)
Stlth   +.........              (no amulet)
HPRegen 0.30/turn               (no ring)
MPRegen 0.10/turn               (no ring)

@: lethally poisoned (-1 -> -6), appendages (expiring), healing quickly
A: horns 2, talons 2, alive, fangs 3, see invisible, vampiric 2
a: Exsanguinate, End Transformation


You were on level 2 of the Dungeon.
You had temporarily grown beastly horns and talons.
You visited 1 branch of the dungeon, and saw 2 of its levels.

You collected 36 gold pieces.

Inventory:

Hand Weapons
 f - a +0 falchion of pain
Armour
 a - a +0 robe (worn)
Jewellery
 c - a ring of ice
Scrolls
 e - a scroll of fear {unknown}
Potions
 b - 2 potions of heal wounds {unknown}
 d - a potion of curing {unknown}


   Skills:
 - Level 0.8 Fighting
 - Level 2.1 Dodging
 - Level 3.6 Unarmed Combat
 - Level 2.0 Spellcasting
 * Level 3.8 Transmutations
 * Level 2.3 Poison Magic


You had 3 spell levels left.
You knew the following spells:

 Your Spells              Type           Power      Damage    Failure   Level
a - Beastly Appendage     Tmut           26%        N/A       4%          1
b - Spider Form           Tmut/Pois      5%         N/A       19%         3

Your spell library contained the following spells:

 Spells                   Type           Power      Damage    Failure   Level
 Wereblood                Tmut           13%        N/A       7%          2
 Animate Skeleton         Necr           2%         N/A       21%         1
 Apportation              Tloc           2%         N/A       21%         1
 Corona                   Hex            1%         N/A       21%         1
 Summon Small Mammal      Summ           4%         N/A       21%         1
 Ice Form                 Ice/Tmut       7%         N/A       67%         4


Dungeon Overview and Level Annotations

Branches:
Dungeon (2/15)

Altars:


Innate Abilities, Weirdness & Mutations

You have temporarily grown beastly horns and talons.
Your natural rate of healing is accelerated.
You have razor-sharp teeth.
You have supernaturally acute eyesight. (SInv)
You are afflicted with vampirism and can become a bat while bloodless.


Message History

You hit the adder but do no damage. You claw the adder, but do no damage.
Your bite misses the adder.
The adder is moderately wounded.
The adder bites you.
You hit the adder. Your kick misses the adder. Your headbutt misses the adder.
The adder is severely wounded.
The adder closely misses you. The worm closely misses you.
You miss the adder.
The adder is severely wounded.
The adder bites you.
You are poisoned.
The adder poisons you!
You closely miss the adder. Your kick misses the adder.
The adder is severely wounded.
You feel sick. The adder closely misses you. The worm bites you.
The adder bites you.
You are more poisoned.
The adder poisons you!
You are too injured to fight recklessly!
You are too injured to fight recklessly!
You are too injured to fight recklessly!
You are too injured to fight recklessly!
You are too injured to fight recklessly!
You are too injured to fight recklessly!
You are too injured to fight recklessly!
You are too injured to fight recklessly!
You are too injured to fight recklessly!
You feel very sick.
You feel sick.
Your transformation is almost over.
You feel sick. The adder bites you.
* * * LOW HITPOINT WARNING * * *
You feel sick.
You see here an adder corpse.
You feel sick.
You feel sick. The adder bites you.
* * * LOW HITPOINT WARNING * * *
You are more poisoned.
The adder poisons you!
You die...

#...# #...#
##..##
#...#
##.w##
##### #.†.#
#...#
#.S.##
######...#
##...#
##........#
#@..##
.....##...#
##...#
##.#.##...#
####...#
#.#.##...#
#......#
#.#.##...#
#......#
##.#.##...#
#......#
.....###.##
#.....†##
##.#####.#
#......>#
.........#
#.....#.###


You could see a worm and an adder.

Vanquished Creatures
  Terence (D:1)
  Natasha (D:2)
  An adder (D:2)
  2 worms (D:2)
  A dart slug (D:1)
  2 ball pythons
  A bat (D:1)
  3 endoplasms
  A giant cockroach (D:1)
  3 hobgoblins
  6 kobolds (D:1)
  2 quokkas (D:1)
  A goblin (D:2)
  4 rats
29 creatures vanquished.

Notes
Turn   | Place    | Note
-------+----------+-------------------------------------------
     0 | D:1      | Malachi the Vampire Transmuter began the quest for the Orb.
     0 | D:1      | Reached XP level 1. HP: 14/14 MP: 3/3
   153 | D:1      | Reached XP level 2. HP: 20/20 MP: 5/5
   514 | D:1      | Reached skill level 1 in Poison Magic
  1064 | D:2      | Noticed Natasha
  1072 | D:2      | Killed Natasha
  1073 | D:2      | Gained mutation: You are afflicted with vampirism and can
                  | become a bat while bloodless. [Vampire growth]
  1073 | D:2      | Reached XP level 3. HP: 25/25 MP: 4/6
  1077 | D:2      | Learned a level 3 spell: Spider Form
  1127 | D:2      | Noticed Terence
  1207 | D:1      | Killed Terence
  1208 | D:1      | Reached XP level 4. HP: 16/31 MP: 3/7
  1644 | D:2      | HP: 1/31 [adder (3)]
  1645 | D:2      | Succumbed to an adder's poison

Illustrated notes

Levels and vault maps discovered:
D:1:      lightli_arrival_quake, layout_basic, minmay_tree_intersection,
          hangedman_decor_lopped
D:2:      layout_basic, uniq_jessica, uniq_natasha, uniq_terence

Skill      XL: |  1  2  3 |
---------------+----------+-----
Poison Magic   | 1 2 |  2.3
Transmutations | 3 |  3.8
Fighting       | |  0.8
Dodging        | |  2.1
Unarmed Combat | |  3.6
Spellcasting   | |  2.0

Action                   |  1- 3 |  4- 6 || total
-------------------------+-------+-------++-------
Melee: Unarmed           |    91 |    19 ||   110
       Kick              |    13 |     4 ||    17
       Headbutt          |    13 |     2 ||    15
       Bite              |     6 |     3 ||     9
       Punch             |     2 |       ||     2
 Cast: Beastly Appendage |    13 |     4 ||    17
       Spider Form       |     1 |       ||     1
Armor: Robe              |    12 |     1 ||    13
Dodge: Dodged            |    52 |    10 ||    62

Table legend: (Time is in decaauts)
 A = Elapsed time spent in this place.
 B = Non-inter-level travel time spent in this place.
 C = Inter-level travel time spent in this place.
 D = Time resting spent in this place.
 E = Time spent auto-exploring this place.
 F = Levels seen in this place.
 G = Mean time per level.
                   A        B        C        D        E       F      G
               +--------+--------+--------+--------+--------+-----+--------+
         Total |   1638 |   1587 |     51 |     52 |   1231 |   2 |  819.0 |
       Dungeon |   1638 |   1587 |     51 |     52 |   1231 |   2 |  819.0 |
               +--------+--------+--------+--------+--------+-----+--------+

Top non-repeatable levels by time:
     D:1: 1179 daAuts
     D:2: 459 daAuts
